 Dungeon Crawl Stone Soup version 0.22-a0-266-g5fdf0d7 (webtiles) character file.

201662 KristoblXynda the Carver (level 17, -7/144 HPs)
             Began as a White Draconian Gladiator on Mar 8, 2018.
             Was the Champion of Yredelemnul.
             Killed from afar by a nagaraja (30 damage)
             ... with a poison arrow
             ... on level 4 of the Snake Pit.
             The game lasted 02:25:05 (48906 turns).

KristoblXynda the Carver (DrGl)                    Turns: 48906, Time: 02:25:05

Health: -7/144     AC: 15    Str: 19    XL:     17   Next: 92%
Magic:  29/32      EV: 17    Int: 16    God:    Yredelemnul [******]
Gold:   2492       SH: 18    Dex: 12    Spells: 26/38 levels left

rFire    + + +     SeeInvis +   M - +10 long sword of Prudence {drain, rC+}
rCold    + + .     Gourm    .   z - +0 shield {reflect}
rNeg     + . .     Faith    .   (armour unavailable)
rPois    .         Spirit   .   b - +1 hat
rElec    .         Reflect  +   a - +2 cloak {rF+}
rCorr    .         Harm     .   (no gloves)
MR       +....                  e - +1 pair of boots
Stlth    +++.......             B - +5 amulet of reflection
HPRegen  1.34/turn              I - ring of positive energy
MPRegen  0.23/turn              v - ring of see invisible

@: lethally poisoned (-7 -> -19), regenerating, studying Ice Magic
A: breathe frost, unfitting armour, horns 1, cold resistance 1, fire resistance
2, strong 1, no potion heal 1, cold-blooded, AC +9
}: 1/15 runes: decaying
a: Breathe Frost, Recall Undead Slaves, Injury Mirror, Animate Dead, Drain Life,
Enslave Soul, Renounce Religion


You were on level 4 of the Snake Pit.
You worshipped Yredelemnul.
Yredelemnul was exalted by your worship.
You were not hungry.

You visited 5 branches of the dungeon, and saw 31 of its levels.
You also visited: Ice Cave and Volcano.

You collected 4016 gold pieces.
You spent 1524 gold pieces at shops.

Inventory:

Hand Weapons
 M - the +10 long sword of Prudence (weapon) {drain, rC+}
   (You bought it in a shop on level 1 of the Orcish Mines)

   A truly terrible weapon, it drains the life of those it strikes.
   It protects you from cold.
Missiles
 c - 3 throwing nets (quivered)
Armour
 a - a +2 cloak of fire resistance (worn)
 b - a +1 hat (worn)
 e - a +1 pair of boots (worn)
 z - a +0 shield of reflection (worn)
Jewellery
 v - a ring of see invisible (right hand)
 B - a +5 amulet of reflection (around neck)
 I - a ring of positive energy (left hand)
 U - an uncursed ring of stealth {unknown}
Wands
 j - a wand of scattershot (3)
 n - a wand of acid (2)
 r - a wand of paralysis (23)
 u - a wand of iceblast (12)
 w - a wand of digging (16)
 x - a wand of disintegration (14)
 K - a wand of clouds (5)
Scrolls
 f - 10 scrolls of remove curse
 m - 2 scrolls of fear
 o - a scroll of summoning
 p - 3 scrolls of fog
 s - 4 scrolls of teleportation
 t - a scroll of silence
 y - 3 scrolls of identify
 F - 7 scrolls of magic mapping
 N - a scroll of immolation
 R - a scroll of amnesia
 T - a scroll of enchant armour
Potions
 g - 2 potions of resistance
 h - 6 potions of might
 i - a potion of haste
 k - 6 potions of mutation
 q - 5 potions of brilliance
 C - 3 potions of flight
 G - 2 potions of ambrosia
 H - a potion of berserk rage
 J - 3 potions of lignification
 L - 2 potions of cancellation
 O - 4 potions of magic
 P - a potion of agility
 Q - 3 potions of invisibility
Books
 A - a manual of Ice Magic
 E - a manual of Ice Magic
Miscellaneous
 l - a sack of spiders
 D - a lamp of fire
Comestibles
 d - 12 rations


   Skills:
 - Level 11.0 Fighting
 - Level 14.0 Long Blades
 - Level 2.0 Throwing
 - Level 10.7 Dodging
 + Level 6.9 Stealth
 + Level 13.0 Shields
 - Level 11.3 Spellcasting
 + Level 10.1 Hexes
 - Level 7.2 Necromancy
 - Level 10.0 Invocations
 - Level 10.0 Evocations


You had 26 spell levels left.
You knew the following spells:

 Your Spells              Type           Power        Failure   Level  Hunger
a - Invisibility          Hex            #####...     24%         6    ######.
b - Regeneration          Chrm/Necr      ###.......   7%          3    None
c - Confuse               Hex            #####...     1%          3    None


Dungeon Overview and Level Annotations

Branches:
Dungeon (15/15)            Temple (0/1) D:5            Lair (6/6) D:9
  Swamp (4/4) Lair:3        Snake (4/4) Lair:2        Slime (0/5) Lair:5
    Orc (2/2) D:9             Elf (0/3) Orc:2        Vaults (0/5) D:14
 Depths (0/5) D:15

Altars:
Ashenzari
Elyvilon
Fedhas
Gozag
Hepliaklqana
Makhleb
Qazlal
Sif Muna
Xom
Yredelemnul
Jiyva

Shops:
Orc:1 !***   Orc:2 !:%??   Snake:3 %:

Annotations:
D:2 exclusion: oklob plant
D:5 2 transporters


Innate Abilities, Weirdness & Mutations

You can breathe waves of freezing cold.
You can buffet flying creatures when you breathe cold.
Your icy white scales are hard. (AC +9)
You cannot fit into any form of body armour.
Your flesh is cold resistant. (rC+)
You are cold-blooded and may be slowed by cold attacks.
You have a pair of small horns on your head.
Your flesh is very heat resistant. (rF++)
Your muscles are strong. (Str +2)
Potions are less effective at restoring your health.


Message History

* * * LOW HITPOINT WARNING * * *
The naga warrior constricts you.
Your naga zombie hits the naga warrior with a scimitar.
Your naga zombie grabs the naga warrior.
Your naga zombie constricts the naga warrior.
Your naga mage zombie loses its grip on the naga mage.
Your salamander mystic zombie hits the naga warrior with a dagger!
The guardian serpent barely misses your bone dragon.
Your naga warrior zombie hits the naga warrior with a flail of venom!
The naga warrior looks as sick as possible!
Your naga warrior zombie's attack snaps the naga warrior out of its fear.
Your naga warrior zombie constricts the naga warrior.
Your naga zombie hits the naga warrior from afar with a glaive of chopping!
The naga warrior dies!
Yredelemnul accepts your kill. The nagaraja casts a spell at you.
The poison arrow hits you!
You are more poisoned.
You die...
Your body rises from the dead as a mindless zombie. ### ZZ#

########## #V##### #...'.(.§.
#ZZ≈§§# A ##...#≈.... #.Z§§§## ..
##Z..##≈≈ZZ. ##Z.§≈§##.)†#
###.).##≈≈≈[Z#
###.Z≈≈≈##..zZ######)Z..##≈≈≈..##
# ##z.≈≈≈##.ZZDSZNZZZ..##≈≈≈Z.##.
## ##..≈≈≈##DZ.N@N....##≈≈≈.Z##..
. ##.)§§§###.VZ)ZZ###§≈§ZZ##... #
##Z§§§≈≈########§§§Z..##..#.
##§§.≈§§≈≈≈≈≈≈§≈§...##..##. #
##..≈≈≈≈≈≈≈≈≈§≈≈Z.##..###. #
#Z)...≈≈§§≈≈.ZZZZ#..## #. #
.#).)[..≈§§≈..Z.Z.#.## #. #
#.#.Z...(.≈≈)...Z.Z#.# . ##
#.#..Z...)≈≈)).).ZZ#.#


You could see a naga warrior, a nagaraja, a guardian serpent (fleeing), a naga
mage (fleeing), 2 friendly bone dragons, a friendly profane servitor, a friendly
vampire knight (invisible), a friendly skeletal warrior, a friendly black mamba
zombie, 4 friendly naga zombies, 4 friendly naga warrior zombies, 2 friendly
naga mage zombies, a friendly guardian serpent zombie and a friendly salamander
mystic zombie.

Vanquished Creatures
  Rupert (Lair:5)
  4 thorn hunters
  Kirke (Lair:6)
  Gastronok (D:8)
  Donald (Snake:1)
  Louise (Snake:1)
  Aizul (Snake:2)
  An emperor scorpion (D:15)
  Azrael (Orc:2)
  3 dire elephants
  2 fire dragons
  A yaktaur captain (D:15)
  Fannar (Lair:3)
  An ice dragon (D:15)
  11 hydras
  4 naga warriors
  A ghost crab (Swamp:3)
  A catoblepas (Lair:3)
  4 centaur warriors
  2 tengu warriors (D:15)
  5 anacondas
  A death yak (Lair:5)
  6 two-headed ogres
  6 alligators
  4 orc high priests
  3 naga sharpshooters
  2 shock serpents
  Sonja (D:10)
  A hell knight (Volcano)
  4 skeletal warriors (D:13)
  3 salamander mystics
  5 unseen horrors
  A naga ritualist (Snake:4)
  A wizard (D:14)
  Pikel (D:5)
  8 mana vipers
  A phantasmal warrior (D:14)
  A lindwurm (D:14)
  2 necromancers
  4 orc knights (Orc:2)
  4 orc sorcerers (Orc:2)
  6 ugly things
  4 manticores
  2 cyclopes (D:14)
  5 salamanders
  11 naga magi
  24 black mambas
  4 guardian serpents
  A water nymph (shapeshifter) (D:15)
  7 elephants
  A smoke demon (Volcano)
  Maurice (Orc:2)
  2 centaur zombies (D:12)
  An ice statue (IceCv)
  A molten gargoyle (Volcano)
  A centaur skeleton (D:12)
  An efreet (D:13)
  5 kobold demonologists
  5 rime drakes (Lair:6)
  11 spiny frogs
  7 komodo dragons
  A yaktaur (shapeshifter) (D:15)
  8 freezing wraiths (IceCv)
  4 trolls
  2 meliai (D:13)
  4 hornets
  2 tyrant leeches
  9 hippogriffs
  10 blink frogs
  15 slime creatures
  6 bog bodies (Swamp:4)
  A meliai zombie (D:12)
  A wraith (D:14)
  4 shadows
  6 wyverns
  5 vampires
  2 spriggans
  A human (D:4)
  27 yaks
  6 fire bats (Volcano)
  3 fire elementals (Orc:2)
  A hog (Lair:6)
  10 vampire mosquitoes
  Menkaure (D:4)
  5 steam dragons
  4 wargs
  9 nagas
  A death yak simulacrum (IceCv)
  2 acid dragons
  Edmund (D:5)
  14 water moccasins
  11 swamp worms
  4 insubstantial wisps (Swamp:3)
  5 porcupines
  6 hell hounds
  Duvessa (D:7)
  14 orc warriors
  3 black bears
  An eye of draining (D:14)
  8 ice beasts
  A phantom (D:5)
  2 slaves (D:5)
  3 swamp drakes
  8 ogres
  2 sky beasts
  A boggart (D:15)
  A necrophage (D:9)
  7 centaurs
  8 wolves
  13 crocodiles
  A big kobold (shapeshifter) (D:15)
  6 big kobolds
  12 bullfrogs
  Dowan (D:7)
  4 scorpions
  2 wyvern skeletons (D:12)
  An elephant simulacrum (IceCv)
  9 killer bees
  5 jellies
  5 wights (D:9)
  3 vampire bats (Orc:2)
  3 howler monkeys
  6 lava snakes (Volcano)
  11 crimson imps
  3 quasits
  7 draconian simulacra (IceCv)
  4 hounds
  5 bullfrog skeletons
  7 orc priests
  22 orc wizards
  2 iguanas
  3 hell rats
  13 worker ants
  A polar bear simulacrum (IceCv)
  2 troll simulacra (IceCv)
  A spriggan simulacrum (IceCv)
  A wolf simulacrum (IceCv)
  3 centaur simulacra (IceCv)
  2 hound skeletons
  A worker ant zombie (D:7)
  8 gnolls
  An ogre simulacrum (IceCv)
  14 adders
  3 naga simulacra (IceCv)
  4 shadow imps
  8 white imps (IceCv)
  4 oozes
  2 adder skeletons (D:5)
  2 adder zombies
  3 worms
  6 leopard geckos
  64 orcs
  15 bats
  8 giant cockroaches
  8 hobgoblins
  12 jackals
  2 quokkas
  A ball python (D:3)
  9 frilled lizards
  13 goblins
  A goblin skeleton (D:4)
  36 kobolds
  A kobold skeleton (D:4)
  A leopard gecko skeleton (D:4)
  A leopard gecko zombie (D:6)
  2 orc zombies (Orc:2)
  A quokka skeleton (D:9)
  5 rats
  A briar patch (Swamp:4)
  4 plants
857 creatures vanquished.

Vanquished Creatures (collateral kills)
  A tentacled monstrosity (Swamp:3)
  A thorn hunter (Swamp:4)
  5 nagarajas
  3 dire elephants (Lair:6)
  Erolcha (D:13)
  10 naga warriors
  11 hydras
  3 death yaks (Lair:5)
  A death knight (D:11)
  4 alligators
  4 anacondas
  3 two-headed ogres
  A shock serpent (Snake:4)
  5 spriggans
  4 naga sharpshooters
  A skeletal warrior (D:13)
  An unseen horror (D:15)
  A salamander mystic (Snake:4)
  5 naga ritualists
  11 swamp dragons
  3 lindwurms (Snake:4)
  A shambling mangrove (Swamp:4)
  3 orc knights
  9 mana vipers
  A harpy (D:15)
  An orc sorcerer (Orc:2)
  7 ugly things
  7 salamanders
  A cyclops (D:15)
  A centaur zombie (D:10)
  3 guardian serpents
  17 black mambas
  8 elephants
  8 spiny frogs
  17 naga magi
  3 rime drakes (Lair:6)
  2 freezing wraiths (IceCv)
  A meliai (D:14)
  8 hornets
  A troll (D:11)
  A tyrant leech (Swamp:2)
  9 blink frogs
  9 slime creatures
  3 bog bodies
  7 hippogriffs
  A shadow (Swamp:2)
  19 yaks
  10 vampire mosquitoes
  A hog (Lair:6)
  3 steam dragons (Lair:6)
  22 nagas
  9 swamp worms
  5 water moccasins
  An acid dragon (D:11)
  6 insubstantial wisps (Swamp:3)
  A porcupine (Lair:3)
  9 swamp drakes
  7 orc warriors
  2 ice beasts
  A necrophage (D:10)
  An ogre (Orc:1)
  A centaur (D:15)
  3 wolves (Lair:6)
  4 crocodiles
  2 big kobolds (D:11)
  A hippogriff zombie (Lair:5)
  4 bullfrogs
  A scorpion (D:11)
  A crimson imp (D:15)
  A jelly (D:11)
  A draconian simulacrum (IceCv)
  7 orc priests
  4 centaur skeletons
  5 orc wizards
  2 hell rats
  2 centaur simulacra (IceCv)
  A worker ant zombie (D:10)
  An adder (Lair:4)
  A shadow imp (D:11)
  4 white imps (IceCv)
  24 orcs
  2 kobolds (D:15)
  5 briar patches
  28 fungi
  15 plants
425 creatures vanquished.

Vanquished Creatures (others)
  A ghoul (Swamp:4)
  A naga sharpshooter (Snake:4)
  2 skeletal warriors (Swamp:4)
  An anaconda zombie (Snake:4)
  2 flayed ghosts
  3 phantasmal warriors
  An ugly thing zombie (Volcano)
  A rime drake (Lair:6)
  5 hydra zombies
  A harpy zombie (D:15)
  2 fire dragon zombies
  A guardian serpent zombie (Snake:1)
  2 alligator zombies (Swamp:4)
  5 black mamba zombies
  21 flying skulls
  2 vampires
  3 wraiths
  A yak (Lair:6)
  A black mamba skeleton (Snake:3)
  2 humans (Lair:6)
  2 human zombies
  A tengu zombie (D:15)
  2 two-headed ogre zombies
  3 spiny frog zombies
  A slave (D:5)
  2 blink frog zombies (Lair:6)
  3 swamp dragon zombies (Swamp:4)
  2 hornet zombies
  3 elephant zombies (Lair:6)
  A hog zombie (Lair:6)
  5 vampire mosquito zombies
  2 rime drake zombies (Lair:6)
  2 salamander zombies (Snake:4)
  A komodo dragon zombie (Lair:6)
  A hippogriff zombie (Lair:6)
  3 water moccasin zombies
  A wyvern skeleton (D:11)
  A troll zombie (Orc:2)
  A naga zombie (Snake:4)
  3 yak zombies
  2 yak skeletons (Orc:2)
  6 wolf zombies
  3 centaur zombies (D:15)
  2 ogre zombies (D:13)
  An orc priest (Orc:2)
  A bullfrog skeleton (Lair:3)
  A bog body skeleton (Swamp:4)
  An acid dragon zombie (D:15)
  2 big kobold zombies
  2 crocodile zombies (Lair:6)
  A necrophage skeleton (D:10)
  6 steam dragon zombies (Lair:6)
  5 swamp drake zombies
  2 adder skeletons
  7 kobold zombies
  25 orc zombies
  10 rat skeletons (Orc:2)
  3 briar patches
  9 fungi
  7 plants (Lair:6)
194 creatures vanquished.

Grand Total: 1476 creatures vanquished

Notes
Turn   | Place    | Note
-------+----------+-------------------------------------------
     0 | D:1      | KristoblXynda the Draconian Gladiator began the quest for the Orb.
     0 | D:1      | Reached XP level 1. HP: 17/17 MP: 1/1
    63 | D:1      | Reached XP level 2. HP: 22/24 MP: 2/2
   414 | D:1      | Reached XP level 3. HP: 29/29 MP: 3/3
   872 | D:2      | Reached skill level 4 in Long Blades
  1056 | D:2      | Found a blossoming altar of Fedhas.
  1082 | D:2      | Noticed an oklob plant
  1135 | D:2      | Reached XP level 4. HP: 36/36 MP: 4/4
  1533 | D:3      | Found a white marble altar of Elyvilon.
  1575 | D:3      | Noticed a black bear
  1617 | D:3      | Killed a black bear
  1617 | D:3      | Reached skill level 5 in Long Blades
  1617 | D:3      | Reached XP level 5. HP: 20/41 MP: 5/5
  1836 | D:3      | Gained mutation: Your flesh is heat resistant. (rF+) [potion of mutation]
  1836 | D:3      | Gained mutation: Your flesh is very heat resistant. (rF++) [potion of mutation]
  1836 | D:3      | Gained mutation: Your muscles are strong. (Str +2) [potion of mutation]
  1836 | D:3      | Gained mutation: You have a pair of small horns on your head. [potion of mutation]
  2134 | D:3      | Reached XP level 6. HP: 42/48 MP: 6/6
  2340 | D:3      | Found a shattered altar of Ashenzari.
  2340 | D:3      | Found a basalt altar of Yredelemnul.
  2383 | D:3      | Became a worshipper of Yredelemnul the Dark
  2662 | D:4      | Reached skill level 6 in Long Blades
  2862 | D:4      | Your scales start taking on an icy white colour.
  2862 | D:4      | Reached XP level 7. HP: 47/55 MP: 7/7
  2862 | D:4      | Gained mutation: Your flesh is cold resistant. (rC+) [White Draconian growth]
  2896 | D:4      | Found a runed door.
  2896 | D:4      | Noticed a human
  2933 | D:4      | Noticed Edmund
  2935 | D:4      | Found a basalt altar of Yredelemnul.
  2957 | D:4      | Killed a human
  2957 | D:4      | Reached * piety under Yredelemnul
  2957 | D:4      | Reached skill level 7 in Long Blades
  2957 | D:4      | Reached skill level 5 in Dodging
  2984 | D:4      | Noticed Menkaure
  3514 | D:4      | Killed Menkaure
  3593 | D:5      | Entered Level 5 of the Dungeon
  3604 | D:5      | Found a staircase to the Ecumenical Temple.
  3608 | D:5      | Noticed Pikel
  3638 | D:5      | Killed Pikel
  3638 | D:5      | Reached skill level 8 in Long Blades
  3638 | D:5      | Reached XP level 8. HP: 45/61 MP: 8/8
  3781 | D:5      | Found a hazy altar of Hepliaklqana.
  3889 | D:5      | Found a shimmering altar of Xom.
  4077 | D:5      | Reached skill level 9 in Long Blades
  4350 | D:5      | Found a transporter.
  4498 | D:5      | Found a deep blue altar of Sif Muna.
  4608 | D:5      | Killed Edmund
  4709 | D:5      | Found a transporter.
  4952 | D:6      | Reached skill level 10 in Long Blades
  4952 | D:6      | Reached XP level 9. HP: 58/67 MP: 9/9
  5057 | D:6      | Got a warped iron amulet
  5368 | D:6      | Found an opulent altar of Gozag.
  5422 | D:6      | Reached ** piety under Yredelemnul
  5711 | D:7      | Found a burning altar of Makhleb.
  5734 | D:7      | Got an ancient spear
  5745 | D:7      | Identified the +7 spear "Pugimuh" {venom, +Inv rF+ rC+ Int+3} (You found it on level 7 of the Dungeon)
  5747 | D:7      | Identified the amulet "Ecvuune" {*Contam +Rage Str+4 Int+3} (You found it on level 6 of the Dungeon)
  5990 | D:7      | Noticed Dowan
  5992 | D:7      | Noticed Duvessa
  6004 | D:7      | Killed Duvessa
  6006 | D:7      | Killed Dowan
  6059 | D:7      | Paralysed by a hornet for 3 turns
  6404 | D:7      | Found a stormy altar of Qazlal.
  6594 | D:8      | Reached skill level 11 in Long Blades
  6594 | D:8      | Reached skill level 1 in Shields
  6892 | D:8      | Noticed Gastronok
  6934 | D:8      | Killed Gastronok
  6934 | D:8      | Reached XP level 10. HP: 31/78 MP: 10/10
  7270 | D:9      | Noticed a two-headed ogre
  7288 | D:9      | Killed a two-headed ogre
  7321 | D:9      | Noticed a two-headed ogre
  7334 | D:9      | Killed a two-headed ogre
  7334 | D:9      | Reached skill level 5 in Shields
  7334 | D:9      | Reached skill level 1 in Invocations
  7334 | D:9      | Reached skill level 1 in Evocations
  7691 | D:9      | Found a staircase to the Lair.
  7709 | D:9      | Reached *** piety under Yredelemnul
  7716 | Lair:1   | Entered Level 1 of the Lair of Beasts
  7731 | Lair:1   | Noticed a spiny frog
  7739 | Lair:1   | Killed a spiny frog
  7869 | Lair:1   | Noticed a spiny frog
  7887 | Lair:1   | Reached skill level 12 in Long Blades
  7891 | Lair:1   | Killed a spiny frog
  7891 | Lair:1   | Reached XP level 11. HP: 71/85 MP: 12/12
  8414 | Lair:1   | Noticed a six-headed hydra
  8461 | D:9      | Reached skill level 5 in Fighting
  8813 | D:9      | Noticed a two-headed ogre
  8833 | D:9      | Killed a two-headed ogre
  9386 | D:9      | Received a gift from Yredelemnul (a mummy)
  9401 | D:9      | Found a staircase to the Orcish Mines.
  9814 | D:10     | Entered Level 10 of the Dungeon
  9814 | D:10     | Noticed a two-headed ogre
  9831 | D:10     | Killed a two-headed ogre
 10064 | D:10     | Reached **** piety under Yredelemnul
 10168 | D:10     | Noticed a two-headed ogre
 10175 | D:10     | Killed a two-headed ogre
 10377 | D:10     | Got a warped battleaxe
 10645 | D:10     | Noticed a two-headed ogre
 10654 | D:10     | Killed a two-headed ogre
 10941 | D:10     | Noticed Sonja
 10944 | D:10     | Killed Sonja
 11253 | D:11     | Identified the +6 battleaxe of False Accusations {elec, *Contam rC+++ MR+ SInv} (You found it on level 10 of the Dungeon)
 11277 | D:11     | Reached skill level 10 in Dodging
 11695 | D:11     | Reached skill level 5 in Invocations
 11696 | D:11     | Received a gift from Yredelemnul (4 flying skulls)
 11953 | D:11     | Reached XP level 12. HP: 96/96 MP: 15/15
 12128 | D:11     | Reached skill level 5 in Evocations
 12315 | D:11     | Noticed a death knight
 12327 | D:11     | Killed a death knight
 12350 | D:11     | HP: 4/96 [poisoned by a death knight]
 12357 | D:11     | HP: 3/96 [poisoned by a death knight]
 12364 | D:11     | HP: 3/96 [poisoned by a death knight]
 12372 | D:11     | HP: 3/96 [poisoned by a death knight]
 13247 | D:11     | Reached skill level 1 in Stealth
 13446 | D:12     | Reached ***** piety under Yredelemnul
 13812 | D:12     | Received a gift from Yredelemnul (a wraith)
 13831 | D:12     | Reached skill level 13 in Long Blades
 14143 | D:13     | Identified Gait's Guide on Ignition and Hexes
 14172 | D:13     | Found a frozen archway.
 14190 | IceCv    | Entered an ice cave
 14419 | IceCv    | Received a gift from Yredelemnul (5 flying skulls)
 15211 | IceCv    | Found an ancient bone altar of Kikubaaqudgha.
 15279 | IceCv    | Received a gift from Yredelemnul (a vampire)
 15765 | IceCv    | Received a gift from Yredelemnul (a wraith)
 16064 | D:13     | Noticed a two-headed ogre
 16095 | D:13     | Killed a two-headed ogre
 16429 | D:13     | Noticed Erolcha
 16438 | D:13     | Killed Erolcha
 16532 | D:13     | Reached XP level 13. HP: 102/102 MP: 19/19
 16561 | D:13     | Your ally Erolcha died
 17235 | Lair:1   | Received a gift from Yredelemnul (3 flying skulls)
 18126 | Lair:2   | Found a staircase to the Snake Pit.
 18390 | Lair:2   | Reached skill level 14 in Long Blades
 18481 | Lair:2   | Received a gift from Yredelemnul (a phantasmal warrior)
 18668 | Lair:2   | Learned a level 6 spell: Invisibility
 18951 | Lair:3   | Reached skill level 1 in Spellcasting
 18974 | Lair:3   | Found a dark tunnel.
 19002 | Volcano  | Entered a volcano
 19112 | Volcano  | Reached ****** piety under Yredelemnul
 19672 | Volcano  | Received a gift from Yredelemnul (5 flying skulls)
 19757 | Volcano  | Found a radiant altar of Vehumet.
 19954 | Lair:3   | Noticed Fannar
 19990 | Lair:3   | Killed Fannar
 20146 | Lair:3   | Reached skill level 10 in Invocations
 20540 | Lair:3   | Found a staircase to the Swamp.
 20939 | Lair:4   | Received a gift from Yredelemnul (a wraith)
 20975 | Lair:4   | Reached skill level 5 in Stealth
 21518 | Lair:4   | Received a gift from Yredelemnul (a wraith)
 21833 | Lair:4   | Reached XP level 14. HP: 67/113 MP: 21/21
 21865 | Lair:4   | Found the +8 whip "Snakebite" {curare, rPois}
 22505 | Lair:5   | Noticed Rupert
 22516 | Lair:5   | Killed Rupert
 22516 | Lair:5   | Reached skill level 10 in Evocations
 22761 | Lair:5   | Received a gift from Yredelemnul (4 flying skulls)
 22780 | Lair:5   | Reached skill level 5 in Spellcasting
 22780 | Lair:5   | Reached skill level 1 in Hexes
 23012 | Lair:5   | Found a staircase to the Slime Pits.
 23013 | Lair:5   | Found a viscous altar of Jiyva.
 23404 | Lair:6   | Entered Level 6 of the Lair of Beasts
 23477 | Lair:6   | Received a gift from Yredelemnul (a flayed ghost)
 23898 | Lair:6   | Received a gift from Yredelemnul (a phantasmal warrior)
 24417 | Lair:6   | Noticed Kirke
 24435 | Lair:6   | Killed Kirke
 24693 | Lair:6   | Received a gift from Yredelemnul (a wraith)
 25166 | Lair:6   | Identified the Catalogue of Enchanting Arcane Weapons
 26167 | Lair:6   | Reached skill level 5 in Hexes
 26704 | D:14     | Reached skill level 10 in Fighting
 26958 | D:14     | Learned a level 3 spell: Regeneration
 27164 | D:14     | Reached XP level 15. HP: 126/126 MP: 24/26
 27186 | D:14     | Found a gate to the Vaults.
 28579 | D:13     | Received a gift from Yredelemnul (a skeletal warrior)
 29428 | D:14     | Received a gift from Yredelemnul (a vampire knight)
 29785 | D:15     | Entered Level 15 of the Dungeon
 29978 | D:15     | Received a gift from Yredelemnul (a vampire)
 30634 | D:15     | Received a gift from Yredelemnul (a phantasmal warrior)
 30833 | D:15     | Found a staircase to the Depths.
 31841 | Orc:1    | Entered Level 1 of the Orcish Mines
 31869 | Orc:1    | Received a gift from Yredelemnul (a phantasmal warrior)
 32024 | Orc:1    | Found Ocrabb's Distillery.
 32125 | Orc:1    | Found Nagywia's General Store.
 32267 | Orc:1    | Found Zarixzi's Assorted Antiques.
 32292 | Orc:1    | Found Lygi Roost's Assorted Antiques.
 32313 | Orc:1    | Bought a glowing bronze ring for 105 gold pieces
 32335 | Orc:1    | Bought a crystal long sword for 238 gold pieces
 32335 | Orc:1    | Identified the +10 long sword of Prudence {drain, rC+} (You bought it in a shop on level 1 of the Orcish Mines)
 32628 | Orc:1    | You fall through a shaft!
 32628 | Orc:2    | Entered Level 2 of the Orcish Mines
 32682 | Orc:2    | Received a gift from Yredelemnul (a phantasmal warrior)
 32803 | Orc:2    | Found a staircase to the Elven Halls.
 33197 | Orc:2    | Noticed Maurice
 33201 | Orc:2    | Killed Maurice
 33385 | Orc:2    | Your ally Maurice died
 33413 | Orc:2    | Found Jehaxkeu's Distillery.
 33413 | Orc:2    | Found Qezi's Magic Scroll Emporium.
 33415 | Orc:2    | Found Papith's Food Boutique.
 33415 | Orc:2    | Found Zaitraw's Magic Scroll Emporium.
 33422 | Orc:2    | Bought a potion of magic for 136 gold pieces
 33422 | Orc:2    | Bought a potion of heal wounds for 85 gold pieces
 33433 | Orc:2    | Bought a scroll of enchant weapon for 75 gold pieces
 33433 | Orc:2    | Bought a scroll of brand weapon for 200 gold pieces
 33433 | Orc:2    | Bought a scroll of enchant weapon for 75 gold pieces
 33473 | Orc:2    | Noticed Azrael
 33494 | Orc:2    | Received a gift from Yredelemnul (a flayed ghost)
 33501 | Orc:2    | Killed Azrael
 33501 | Orc:2    | Reached XP level 16. HP: 33/134 MP: 29/29
 33919 | Orc:2    | Found Liunt's Book Emporium.
 33927 | Orc:2    | Bought a book of Maledictions for 350 gold pieces
 33933 | Orc:2    | Learned a level 3 spell: Confuse
 34637 | Swamp:1  | Entered Level 1 of the Swamp
 34650 | Swamp:1  | Received a gift from Yredelemnul (a skeletal warrior)
 34664 | Swamp:1  | Reached skill level 1 in Necromancy
 35556 | Swamp:1  | Reached skill level 10 in Spellcasting
 36763 | Swamp:2  | Received a gift from Yredelemnul (a ghoul)
 37233 | Swamp:2  | Received a gift from Yredelemnul (a skeletal warrior)
 37236 | Swamp:2  | Reached skill level 10 in Shields
 37627 | Swamp:4  | Entered Level 4 of the Swamp
 37868 | Swamp:3  | Noticed a tentacled monstrosity
 37876 | Swamp:3  | Killed a tentacled monstrosity
 38106 | Swamp:3  | Noticed a thorn hunter
 38112 | Swamp:3  | Killed a thorn hunter
 39534 | Swamp:4  | Noticed a thorn hunter
 39546 | Swamp:4  | Killed a thorn hunter
 39719 | Swamp:4  | Received a gift from Yredelemnul (a vampire)
 39770 | Swamp:4  | Reached skill level 5 in Necromancy
 39808 | Swamp:4  | Noticed a thorn hunter
 39821 | Swamp:4  | Killed a thorn hunter
 39902 | Swamp:4  | Received a gift from Yredelemnul (a vampire knight)
 39926 | Swamp:4  | Noticed a thorn hunter
 39935 | Swamp:4  | Killed a thorn hunter
 40132 | Swamp:4  | Noticed a thorn hunter
 40146 | Swamp:4  | Killed a thorn hunter
 41013 | Swamp:4  | Received a gift from Yredelemnul (a vampire)
 41506 | Swamp:4  | Got a steaming long sword
 41510 | Swamp:4  | Identified the +8 long sword "Leviticus" {elec, rC+ rN+ Str-2} (You found it on level 4 of the Swamp)
 41574 | Swamp:4  | Got a decaying rune of Zot
 41873 | Snake:1  | Entered Level 1 of the Snake Pit
 42039 | Lair:1   | Gained mutation: Potions are less effective at restoring your health. [mutagenic glow]
 42292 | Snake:1  | Noticed Donald
 42302 | Snake:1  | Killed Donald
 42510 | Snake:1  | Noticed Louise
 43015 | Snake:1  | Received a gift from Yredelemnul (a vampire)
 43467 | Snake:1  | Killed Louise
 43467 | Snake:1  | Reached XP level 17. HP: 136/140 MP: 32/32
 44841 | Snake:2  | Received a gift from Yredelemnul (a vampire knight)
 44851 | Snake:2  | Noticed Aizul
 44865 | Snake:2  | Killed Aizul
 46356 | Snake:3  | Found Zugavi Hoyh's Antique Armour Boutique.
 46364 | Snake:3  | Found Juseb's Book Shop.
 46366 | Snake:3  | Found Huaboc's Food Boutique.
 46384 | Snake:3  | Bought a ration for 65 gold pieces
 46384 | Snake:3  | Bought a ration for 65 gold pieces
 46384 | Snake:3  | Bought a ration for 65 gold pieces
 46384 | Snake:3  | Bought a ration for 65 gold pieces
 46422 | Snake:3  | Received a gift from Yredelemnul (a profane servitor)
 47490 | Snake:4  | Entered Level 4 of the Snake Pit
 47550 | Snake:4  | Received a gift from Yredelemnul (a skeletal warrior)
 47721 | Snake:4  | Received a gift from Yredelemnul (a bone dragon)
 47933 | Snake:4  | Found a hazy altar of Hepliaklqana.
 48254 | Snake:4  | Received a gift from Yredelemnul (a bone dragon)
 48767 | Snake:4  | Reached skill level 10 in Hexes
 48769 | Snake:4  | Received a gift from Yredelemnul (a phantasmal warrior)
 48906 | Snake:4  | Killed from afar by a nagaraja

Vault maps used:
D:1:      ncdulo_wetmaze, grunt_decor_one_mirror,
          hangedman_abyss_or_decor_stabs, serial_bayou_lagoon_a
D:2:      tgw_fedhas
D:3:      gammafunk_temple_overflow_pools, first_ration, elyvilon_altar_1
D:4:      dk_yredelemnul_ordeal, uniq_edmund, uniq_menkaure
D:5:      gammafunk_cloud_chamber, led_sif_pool, kennysheep_mini,
          minmay_temple_entry_statues, basic_altar, uniq_pikel
D:6:      overflow_temple_1_default, serial_co_window_serial,
          co_window_corner_a, co_window_paths_b, co_window_corner_a,
          co_window_paths_a, co_window_cross_1, co_window_of_opportunity_c,
          co_window_corner_ca, co_window_paths_c, co_window_broadway_a,
          co_window_of_opportunity_b, co_window_paths_e, co_window_sun,
          hangedman_decor_clover_reticule
D:7:      grunt_qazlal_sundering, the_bakery, bloody_makhleb, uniq_duvessa
D:8:      uniq_gastronok
D:9:      lair_entry_dummy, hiddenorc1_lemuel, roderic_serpentine_path,
          minmay_bent
D:10:     uniq_sonja
D:12:     small_statue_intersection
D:13:     portal_ice_cave_entry_pillars_1, abandoned_shop, uniq_erolcha
D:14:     david_vaults_4, minmay_holes, grunt_ministairs_5
D:15:     hangedman_depths_entry_try_elsewhere_first, minmay_misc_feat_columns,
          minmay_misc_feat_encased, minivault_28
Lair:1:   grunt_megastairs_2, infiniplex_staircase_pool_2, lemuel_fruit_tree
Lair:2:   guppyfry_snake_entry_island, grunt_megastairs_5
Lair:3:   minmay_swamp_entry_swarm, nicolae_volcano_entry_hallway,
          hibernation_bobbens, uniq_fannar
Lair:4:   minmay_guarded_unrand_snakebite
Lair:5:   slime_altar_1, grunt_megastairs_4, uniq_rupert
Lair:6:   due_jungle_book, grunt_forest_stairs_basic, bobbens_dragon_lair_wall,
          uniq_kirke
Swamp:1:  evilmike_swamp_ruin_house_6
Swamp:2:  nicolae_swamp_fairy_circle, swamp_pool1
Swamp:3:  evilmike_swamp_ruin_wall
Swamp:4:  swamp_basic_johnstein
Snake:1:  uniq_donald, uniq_louise
Snake:2:  uniq_aizul
Snake:3:  nrook_guardian_serpent_snake_passage, minmay_shop_star,
          serial_bayou_shore_b
Snake:4:  snake_pit_salamanders_mu, basic_altar
Orc:1:    serial_shops, shop, shop_fountains, nicolae_shop_trees,
          shop_fountains, nicolae_shop_overgrown_old_shop
Orc:2:    grunt_orc_tribal_feast, serial_shops, shop_fountains, roderic_batcave,
          uniq_azrael, uniq_maurice
IceCv:    ice_cave_small_necro
Volcano:  volcano_grotto

Skill      XL: |  1  2  3  4  5  6  7  8  9 10 11 12 13 14 15 16 17 |
---------------+----------------------------------------------------+-----
Throwing       | 2 |  2.0
Dodging        | 3 4 6 8 9 10 | 10.7
Long Blades    | 4 5 6 8 10 11 12 13 14 | 14.0
Fighting       | 4 6 7 10 11 | 11.0
Shields        | 4 5 6 9 11 13 | 13.0
Invocations    | 2 5 8 10 | 10.0
Evocations     | 1 4 7 9 10 | 10.0
Stealth        | 3 5 6 |  6.9
Spellcasting   | 4 7 9 11 | 11.3
Hexes          | 5 8 10 | 10.1
Necromancy     | 6 7 |  7.2

Action                   |  1- 3 |  4- 6 |  7- 9 | 10-12 | 13-15 | 16-18 || total
-------------------------+-------+-------+-------+-------+-------+-------++-------
Melee: Long sword        |   100 |   139 |   350 |   845 |    30 |   413 ||  1877
       Tailslap          |    10 |    21 |    54 |   173 |   302 |   108 ||   668
       Headbutt          |       |     7 |    85 |   233 |   377 |   194 ||   896
       Scimitar          |       |       |       |       |  1278 |   364 ||  1642
 Cast: Regeneration      |       |       |       |       |       |    30 ||    30
Invok: Animate Dead      |       |       |       |    31 |    81 |    48 ||   160
       Drain Life        |       |       |       |       |     6 |     3 ||     9
 Abil: Breathe Frost     |       |       |     4 |     9 |     1 |     1 ||    15
       Evoke Berserk Rag |       |       |       |     6 |     4 |       ||    10
Evoke: Wand              |       |       |       |     3 |    36 |    13 ||    52
       Sack of spiders   |       |       |       |     1 |       |     1 ||     2
  Use: Scroll            |       |     3 |    10 |    16 |    15 |    11 ||    55
       Potion            |       |     3 |     4 |     9 |    10 |     5 ||    31
 Stab: Distracted        |       |       |       |     2 |    15 |    23 ||    40
       Sleeping          |       |       |       |     4 |    11 |    10 ||    25
       Confused          |       |       |       |     4 |       |       ||     4
  Eat: Ration            |       |     1 |     3 |     7 |    17 |    17 ||    45
       Chunk             |       |     3 |     5 |    23 |    26 |     9 ||    66
Armor: Skin              |    30 |    57 |    88 |   132 |   230 |   168 ||   705
Dodge: Dodged            |    85 |   136 |   232 |   533 |   873 |   471 ||  2330
Block: Buckler           |       |       |    11 |   298 |   455 |   177 ||   941
       Shield            |       |       |       |       |       |   377 ||   377
       Reflection        |       |       |       |       |       |    48 ||    48
       Rpst.: Long sword |    32 |    37 |    66 |   123 |     7 |    47 ||   312
       Scimitar          |       |       |       |       |   202 |    55 ||   257

Table legend:
 A = Spawn XP
 B = Non-spawn XP
 C = Spawn XP percentage of total XP
 D = Spawn monster count
 E = Non-spawn monster count
 F = Spawn count percentage of total count
 G = Total turns spent on level
                    A         B        C        D         E        F      G
               +---------+---------+-------+---------+---------+-------+---------
         Total |       0 |  284157 |   0.0 |       0 |    1226 |   0.0 | 48906
               +---------+---------+-------+---------+---------+-------+---------
           D:1 |       0 |      46 |   0.0 |       0 |      24 |   0.0 |   531
           D:2 |       0 |      54 |   0.0 |       0 |      18 |   0.0 |  1078
           D:3 |       0 |     331 |   0.0 |       0 |      38 |   0.0 |  1206
           D:4 |       0 |     854 |   0.0 |       0 |      29 |   0.0 |   778
           D:5 |       0 |    1304 |   0.0 |       0 |      16 |   0.0 |  1142
           D:6 |       0 |     522 |   0.0 |       0 |      16 |   0.0 |   872
           D:7 |       0 |    1372 |   0.0 |       0 |      23 |   0.0 |   947
           D:8 |       0 |    2917 |   0.0 |       0 |      12 |   0.0 |   629
           D:9 |       0 |    5382 |   0.0 |       0 |      53 |   0.0 |  2079
          D:10 |       0 |    4710 |   0.0 |       0 |      21 |   0.0 |  1487
          D:11 |       0 |    6282 |   0.0 |       0 |      55 |   0.0 |  2245
          D:12 |       0 |    2997 |   0.0 |       0 |      52 |   0.0 |   977
          D:13 |       0 |   11178 |   0.0 |       0 |      46 |   0.0 |  2217
          D:14 |       0 |   12719 |   0.0 |       0 |      34 |   0.0 |  1869
          D:15 |       0 |   20503 |   0.0 |       0 |      59 |   0.0 |  1937
        Lair:1 |       0 |    5035 |   0.0 |       0 |      22 |   0.0 |  1846
        Lair:2 |       0 |    5213 |   0.0 |       0 |      24 |   0.0 |  1639
        Lair:3 |       0 |    7917 |   0.0 |       0 |      33 |   0.0 |  1165
        Lair:4 |       0 |    7009 |   0.0 |       0 |      34 |   0.0 |  1556
        Lair:5 |       0 |    9649 |   0.0 |       0 |      34 |   0.0 |  1052
        Lair:6 |       0 |   22898 |   0.0 |       0 |      69 |   0.0 |  2825
       Swamp:1 |       0 |    7202 |   0.0 |       0 |      24 |   0.0 |  1574
       Swamp:2 |       0 |    5943 |   0.0 |       0 |      24 |   0.0 |  1420
       Swamp:3 |       0 |   12307 |   0.0 |       0 |      38 |   0.0 |  1890
       Swamp:4 |       0 |   24253 |   0.0 |       0 |      61 |   0.0 |  2264
       Snake:1 |       0 |   18801 |   0.0 |       0 |      39 |   0.0 |  1915
       Snake:2 |       0 |    9819 |   0.0 |       0 |      20 |   0.0 |  1038
       Snake:3 |       0 |   18947 |   0.0 |       0 |      42 |   0.0 |  2013
       Snake:4 |       0 |   31385 |   0.0 |       0 |      77 |   0.0 |  1416
         Orc:1 |       0 |    3152 |   0.0 |       0 |      34 |   0.0 |   851
         Orc:2 |       0 |   13706 |   0.0 |       0 |      81 |   0.0 |  1630
         IceCv |       0 |    5448 |   0.0 |       0 |      54 |   0.0 |  1866
       Volcano |       0 |    4302 |   0.0 |       0 |      20 |   0.0 |   952
               +---------+---------+-------+---------+---------+-------+---------
